 Dungeon Crawl Stone Soup version 0.30.1-3-gfc49f6343a (webtiles) character file.

Game seed: 15859918977163878041

1479 H0rd4k the Covert (level 8, 0/51 HPs)
             Began as an Octopode Artificer on July 25, 2023.
             Was an Initiate of Gozag.
             Slain by a centaur (1 damage)
             ... on level 7 of the Dungeon.
             The game lasted 00:06:40 (6095 turns).

H0rd4k the Covert (Octopode Artificer)              Turns: 6095, Time: 00:06:40

Health: 0/51       AC:  1    Str: 12    XL:     8   Next: 79%
Magic:  8/8        EV: 14    Int: 15    God:    Gozag
Gold:   779        SH:  0    Dex: 12    Spells: 7/7 levels left

rFire   . .          .
                       - Unarmed
rCold   . . .        (no shield)
rNeg    . . .        (helmet restricted)
rPois   .            (no amulet)
rElec   .            (no ring)
rCorr   .            (no ring)
SInv    .            (no ring)
Will    .....        (no ring)
Stlth   +++++        (no ring)
HPRegen 0.28/turn    (no ring)
MPRegen 0.11/turn    (no ring)
                     (no ring)

%: no passive effects
@: gold aura
A: almost no armour, amphibious, 8 rings, camouflage 1, gelatinous body 1,
(nimble swimmer 1), tentacles
a: Renounce Religion, Potion Petition, Call Merchant, Bribe Branch


You were on level 7 of the Dungeon.
You worshipped Gozag.
Gozag was pleased with you.
You visited 2 branches of the dungeon, and saw 8 of its levels.

You collected 838 gold pieces.
You paid 59 gold pieces to Gozag.

Inventory:

Hand Weapons
 h - a +2 dagger of flaming
 p - a +4 dagger
Missiles
 y - 13 poisoned darts
Magical Staves
 v - a staff of death
Jewellery
 m - an amulet of reflection
 s - an amulet of magic regeneration
Wands
 b - a wand of quicksilver (12)
 c - a wand of charming (6) (quivered)
 d - a wand of iceblast (5)
 z - a wand of mindburst (7)
Scrolls
 f - a scroll of immolation {unknown}
 g - a scroll of torment {unknown}
 j - 4 scrolls of magic mapping {unknown}
 k - 2 scrolls of enchant weapon {unknown}
 l - a scroll of blinking {unknown}
 n - 4 scrolls of identify {unknown}
 o - 2 scrolls of poison {unknown}
 u - 2 scrolls of acquirement {unknown}
 x - 2 scrolls of teleportation {unknown}
Potions
 a - a potion of invisibility {unknown}
 e - 2 potions of mutation {unknown}
 i - a potion of haste {unknown}
 q - a potion of attraction {unknown}
 r - 4 potions of curing
 t - a potion of ambrosia {unknown}
 w - a potion of cancellation {unknown}
 A - 2 potions of heal wounds {unknown}


   Skills:
 + Level 2.9 Fighting
 + Level 4.2 Dodging
 + Level 8.3 Stealth
 + Level 6.2 Unarmed Combat
 + Level 5.5 Evocations


You had 7 spell levels left.
You didn't know any spells.
Your spell library contained the following spells:

 Spells                   Type           Power      Damage    Failure   Level
 Apportation              Tloc           0%         N/A       26%         1
 Beastly Appendage        Tmut           0%         N/A       26%         1
 Freeze                   Ice            0%         1d3       26%         1
 Magic Dart               Conj           0%         1d3       26%         1
 Necrotise                Necr           0%         1d4       26%         1
 Summon Small Mammal      Summ           0%         N/A       26%         1
 Blink                    Tloc           0%         N/A       38%         2
 Lesser Beckoning         Tloc           0%         N/A       38%         2
 Momentum Strike          Conj/Tloc      0%         3d8       38%         2
 Searing Ray              Conj           0%         2d4       38%         2
 Wereblood                Tmut           0%         N/A       38%         2
 Frozen Ramparts          Ice            0%         1d1       63%         3
 Hailstorm                Conj/Ice       0%         3d3       63%         3
 Spider Form              Tmut/Pois      0%         N/A       63%         3
 Anguish                  Hex/Necr       0%         N/A       95%         4
 Cause Fear               Hex            0%         N/A       95%         4
 Fulminant Prism          Conj/Hex       0%         3d5       95%         4
 Enfeeble                 Hex            0%         N/A       100%        7


Dungeon Overview and Level Annotations

Branches:
Dungeon (7/15)             Temple (1/1) D:4

Altars:
Ashenzari
Dithmenos
Gozag
Hepliaklqana
Kikubaaqudgha
Makhleb
Nemelex Xobeh
Qazlal
Ru
Trog
Yredelemnul
The Shining One

Annotations:
D:4 2 transporters, exclusions: downstairs and upstairs, raetorn's ghost, amateur SpEn
D:6 3 runed translucent doors, exclusion: 3 doors, rossyrg's ghost, novice MiFi


Innate Abilities, Weirdness & Mutations

You cannot wear most types of armour.
You are amphibious.
You can wear up to eight rings at the same time.
Your skin changes colour to match your surroundings (Stealth+).
Your rubbery body absorbs attacks. (AC +1, EV +1)
((You are camouflaged when in or above water. (Stealth+)))
You have tentacles for arms and can constrict up to eight enemies at once.


Message History

The wight is heavily damaged.
You constrict the wight. The wight misses you.
You tentacle-slap the wight but do no damage.
The wight is severely damaged.
You constrict the wight. The wight closely misses you.
You bludgeon the wight!
You destroy the wight!
You tentacle-slap the wight. You grab the wight.
The wight is lightly damaged.
You constrict the wight, but do no damage.
The wight barely misses you.
You tentacle-slap the wight.
The wight is moderately damaged.
You constrict the wight. The wight misses you.
You completely miss the wight. You tentacle-slap the wight.
Your squeeze misses the wight.
The wight is severely damaged.
You constrict the wight, but do no damage.
The centaur is distracted by your dazzling golden aura.
The centaur shouts!
You bludgeon the wight!
You destroy the wight!
The centaur is no longer distracted by gold.
The centaur wields a +4 shortbow.
The centaur shoots an arrow.
The arrow hits you!
The wight is distracted by your dazzling golden aura.
The centaur unwields a +4 shortbow.
The centaur hits you.
* * * LOW HITPOINT WARNING * * *
The centaur barely misses you.
Items here: $ ))) [[[.
You tentacle-slap the centaur.
The centaur is moderately wounded.
The centaur hits you.
* * * LOW HITPOINT WARNING * * *
The centaur closely misses you. The centaur attacks as you move away!
The centaur hits you.
* * * LOW HITPOINT WARNING * * *
The centaur kicks you.
You die...
Your body crumbles into a pile of gold.

####
.....##.##.#
###
#####.#.....#
..+ .. ..#
#.#..#### ..#..
#.## #.#cz#
..#. ...#
#.#..# ... #..#
#..# ..# ...#
#..# ..# ...#
#..#####..##.#.
##.#
#$...c@........
#.#
#...#z#####.#..
#.# ##..#...
#.# ###..#.#...
#.#
#....#.#._.#
#.# #.#..#.#
..# ###
#....#.. ....
#.#..#.# ##.
#.##........


You could see a centaur and a wight.

Vanquished Creatures
  A water moccasin (D:5)
  2 black bears (D:5)
  A phantom (D:7)
  A kobold brigand (D:6)
  2 bullfrogs
  3 wights (D:7)
  2 jellies
  3 orc priests (D:6)
  5 hounds
  4 iguanas
  2 orc wizards
  9 adders
  A shadow imp (D:5)
  A white imp (D:6)
  An ufetubus (D:4)
  A worm (D:2)
  A dart slug (D:5)
  14 orcs
  4 ball pythons
  6 bats
  6 endoplasms
  2 giant cockroaches
  3 goblins
  9 hobgoblins
  2 jackals (D:5)
  4 quokkas
  5 kobolds
  4 rats
99 creatures vanquished.

Vanquished Creatures (collateral kills)
  A phantom (D:4)
  An iguana (D:4)
  2 adders (D:4)
  An endoplasm (D:4)
  A goblin (D:4)
6 creatures vanquished.

Vanquished Creatures (others)
  An adder (D:2)
  A worm (D:3)
  An orc (D:6)
3 creatures vanquished.

Grand Total: 108 creatures vanquished

Notes
Turn   | Place    | Note
-------+----------+-------------------------------------------
     0 | D:1      | H0rd4k the Octopode Artificer began the quest for the Orb.
     0 | D:1      | Reached XP level 1. HP: 13/13 MP: 1/1
   237 | D:1      | Reached XP level 2. HP: 18/18 MP: 2/2
  1076 | D:2      | Reached skill level 2 in Stealth
  1076 | D:2      | Reached XP level 3. HP: 3/23 MP: 3/3
  1452 | D:2      | Reached skill level 1 in Unarmed Combat
  1554 | D:2      | You fall into a shaft and drop 2 floors!
  1607 | D:3      | Found a sparkling altar of Nemelex Xobeh.
  1845 | D:3      | Reached XP level 4. HP: 28/28 MP: 4/4
  1963 | D:4      | Found a staircase to the Ecumenical Temple.
  1967 | D:4      | Noticed a phantom
  1972 | Temple   | Entered the Ecumenical Temple
  1989 | Temple   | Became a worshipper of Gozag Ym Sagoz the Greedy
  2004 | D:4      | Killed a phantom
  2005 | D:4      | Reached skill level 3 in Stealth
  2005 | D:4      | Reached XP level 5. HP: 9/33 MP: 5/5
  2091 | D:4      | Reached skill level 4 in Stealth
  2226 | D:4      | Reached XP level 6. HP: 16/38 MP: 6/6
  2395 | D:4      | Reached skill level 5 in Stealth
  2831 | D:4      | Found a transporter.
  2831 | D:4      | Noticed raetorn's ghost (amateur SpEn)
  2832 | D:4      | Found a transporter.
  2833 | D:4      | Identified the +8 great mace of Honour {speed, rElec Str+2
                  | Int+3}
  3600 | D:3      | Found a faded altar of an unknown god.
  3687 | D:5      | Entered Level 5 of the Dungeon
  3687 | D:5      | Noticed a black bear
  3689 | D:5      | Killed a black bear
  3690 | D:5      | Reached skill level 5 in Evocations
  3690 | D:5      | Reached XP level 7. HP: 45/45 MP: 7/7
  3711 | D:5      | Reached skill level 6 in Stealth
  4025 | D:5      | Reached skill level 7 in Stealth
  4149 | D:5      | Reached XP level 8. HP: 27/51 MP: 8/8
  5001 | D:6      | Reached skill level 5 in Unarmed Combat
  5224 | D:6      | HP: 2/51 [something (4)]
  5567 | D:6      | Found a runed translucent gate.
  5568 | D:6      | Found a runed translucent gate.
  5568 | D:6      | Found a runed translucent gate.
  5612 | D:6      | Noticed rossyrg's ghost (novice MiFi)
  5674 | D:6      | Reached skill level 8 in Stealth
  6072 | D:7      | Found a glowing golden altar of the Shining One.
  6095 | D:7      | HP: 1/51 [centaur (6)]
  6095 | D:7      | Slain by a centaur

Illustrated notes

Levels and vault maps discovered:
D:1:      dpeg_arrival_fog, layout_basic
D:2:      layout_loops_ring
D:3:      layout_loops_ring, mainiacjoe_overflow_surrounded_room,
          hellmonk_ecumenical_altar_heavens_door
D:4:      layout_basic, minmay_temple_entry_overgrown, gammafunk_ghost_smash
D:5:      layout_cave_pods, grunt_decor_mini_mirrors
D:6:      layout_rooms, gammafunk_ghost_icy, hangedman_decor_points,
          supply_closet_lemuel, minmay_microvault
D:7:      layout_basic, tgw_sif, mainiacjoe_overflow_cross_hatched
Temple:   eino_temple_lava

Skill      XL: |  1  2  3  4  5  6  7  8 |
---------------+-------------------------+-----
Evocations     | 4 5 |  5.5
Stealth        | 2 3 4 5 7 8 |  8.3
Unarmed Combat | 1 2 3 4 6 |  6.2
Dodging        | 3 4 |  4.2
Fighting       | 2 |  2.9

Action                     |  1- 3 |  4- 6 |  7- 9 || total
---------------------------+-------+-------+-------++-------
  Melee: Unarmed           |    91 |    71 |   145 ||   307
         Tentacles         |    26 |    15 |    39 ||    80
         Constrict         |    25 |    21 |    29 ||    75
         Punch             |     2 |     1 |    10 ||    13
  Evoke: Wand              |     9 |    13 |     6 ||    28
    Use: Potion            |       |       |     1 ||     1
   Stab: Sleeping          |    12 |     8 |     8 ||    28
 Armour: Skin              |     6 |     6 |     6 ||    18
  Dodge: Dodged            |    60 |    47 |    92 ||   199
